 Dungeon Crawl Stone Soup version 0.30-a0-857-gcaf70739d4 (webtiles) character file.

Game seed: 2137651267467364248

9770 domi the Protected (level 11, 0/72 HPs)
             Began as a Minotaur Fighter on Mar 5, 2023.
             Was a Believer of Nemelex Xobeh.
             Slain by a tentacled starspawn (13 damage)
             ... on level 3 of the Abyss.
             The game lasted 00:17:42 (9931 turns).

domi the Protected (Minotaur Fighter)               Turns: 9931, Time: 00:17:42

Health: 0/72       AC: 25    Str: 22    XL:     11   Next: 27%
Magic:  10/10      EV:  7    Int:  5    God:    Nemelex Xobeh [**....]
Gold:   566        SH: 10    Dex:  7    Spells: 10/10 levels left

rFire   . . .      SeeInvis .    b - +3 flail
rCold   x . .      Faith    .    d - +6 buckler of the Pleiades {Fly rC+ rN+ Str-2}
rNeg    + . .      Spirit   .    x - +1 plate armour
rPois   .          Reflect  .    J - +2 hat
rElec   .          Rampage  .    s - +0 cloak
rCorr   +                        i - +0 pair of gloves
Will    +....                    (no boots) Stlth
                                 a - amulet of regeneration {+regen, !d}
HPRegen 1.12/turn                z - +4 ring of protection
MPRegen 0.12/turn                c - ring "Boosuots" {Will+ rCorr Slay+4}

@: brilliant, flying
A: horns 2, retaliatory headbutt, [clumsy 2], [frail 2], [cold vulnerability 2]
a: Renounce Religion, Draw Escape, Draw Destruction, Draw Summoning


You were on level 3 of the Abyss.
You worshipped Nemelex Xobeh.
Nemelex Xobeh was pleased with you.
You visited 2 branches of the dungeon, and saw 11 of its levels.
You visited the Abyss 1 time.
You also visited: Bailey.

You collected 662 gold pieces.
You spent 96 gold pieces at shops.

Inventory:

Hand Weapons
 b - a +3 flail (weapon)
   (You took it off a wight on level 6 of the Dungeon)
 r - a +1 arbalest of draining
   (You acquired it on level 9 of the Dungeon)
 y - a +1 whip of freezing
   (You took it off a kobold on level 4 of the Dungeon)
Missiles
 k - 19 boomerangs (quivered)
 n - 2 throwing nets {=f, !d=f}
Armour
 d - the +6 buckler of the Pleiades (worn) {Fly rC+ rN+ Str-2}
   (You acquired it on level 8 of the Dungeon)

   Str:       It affects your strength (-2).
   rC:        It protects you from cold.
   rN:        It protects you from negative energy.
   Fly:       It grants you flight.
 i - a +0 pair of gloves (worn)
   (You found it on level 1 of the Dungeon)
 s - a +0 cloak (worn)
   (You found it on level 3 of the Dungeon)
 x - a +1 plate armour (worn)
   (You found it on level 5 of the Dungeon)
 F - the +6 leather armour "Lik Paah" {rC+}
   (You found it on level 10 of the Dungeon)

   rC:        It protects you from cold.
 J - a +2 hat (worn)
   (You took it off Gastronok on level 8 of the Dungeon)
Jewellery
 a - an amulet of regeneration (around neck) {+regen, !d}
   (You found it on level 9 of the Dungeon)
 c - the ring "Boosuots" (right hand) {Will+ rCorr Slay+4}
   (You acquired it on level 9 of the Dungeon)

   [ring of willpower]

   Slay:      It affects your accuracy & damage with ranged weapons and melee
   (+4).
   rCorr:     It protects you from acid and corrosion.
   Will:      It increases your willpower.
 o - a ring of ice {rC+, rF-}
   (You found it on level 2 of the Dungeon)
 v - a ring of positive energy {rN+}
   (You found it on level 9 of the Dungeon)
 w - an amulet of reflection
   (You found it on level 4 of the Dungeon)
 z - a +4 ring of protection (left hand)
   (You found it on level 5 of the Dungeon)
 A - a +4 ring of protection
   (You found it on level 5 of the Dungeon)
Wands
 m - a wand of mindburst (14)
   (You found it on level 6 of the Dungeon)
 G - a wand of roots (2)
   (You found it on level 7 of the Dungeon)
 I - a wand of flame (13)
   (You took it off an orc on level 8 of the Dungeon)
Scrolls
 e - 2 scrolls of enchant weapon
 g - 2 scrolls of blinking
 h - 6 scrolls of identify {@r1}
 j - 4 scrolls of fog
 l - 8 scrolls of teleportation {@r4}
 p - 2 scrolls of vulnerability {!r!r}
 q - 2 scrolls of noise {!r}
 K - 2 scrolls of enchant armour
 L - a scroll of silence {!r!r}
Potions
 f - 5 potions of flight
 t - a potion of cancellation
 u - a potion of degeneration {!q}
 C - 3 potions of attraction {!q}
 D - a potion of mutation {!q!q}
 E - 5 potions of curing {@q1}
 M - a potion of heal wounds {@q2}
Miscellaneous
 B - a condenser vane
   (You found it in a bailey)
 H - a phial of floods
   (You found it in a bailey)


   Skills:
 + Level 6.5 Fighting
 - Level 12.0 Maces & Flails
 + Level 4.3 Throwing
 + Level 12.3 Armour
 - Level 3.6 Shields
 + Level 8.3 Evocations


You had 10 spell levels left.
You didn't know any spells.
Your spell library contained the following spells:

 Spells                   Type           Power      Damage    Failure   Level
 Foxfire                  Conj/Fire      0%         2x1d4     100%        1
 Summon Small Mammal      Summ           0%         N/A       100%        1
 Cigotuvi's Dreadful Rot  Necr/Pois/Air  0%         N/A       100%        2
 Call Canine Familiar     Summ           0%         N/A       100%        3
 Frozen Ramparts          Ice            0%         1d1       100%        3
 Ignite Poison            Fire/Tmut/Pois 0%         N/A       100%        3
 Summon Guardian Golem    Hex/Summ       0%         N/A       100%        3
 Dispel Undead            Necr           0%         3d6       100%        4
 Ice Form                 Ice/Tmut       0%         N/A       100%        4
 Sticky Flame             Conj/Fire      0%         2d3       100%        4
 Summon Ice Beast         Ice/Summ       0%         N/A       100%        4
 Death Channel            Necr           0%         N/A       100%        6
 Ignition                 Fire           0%         3d3       100%        8


Dungeon Overview and Level Annotations

Branches:
Dungeon (10/15)            Temple (1/1) D:7            Lair (0/5) D:8
 Bailey (visited)
    Orc: D:9-12

Altars:
Ashenzari
Cheibriados
Dithmenos
Elyvilon
Fedhas
Gozag
Hepliaklqana
Kikubaaqudgha
Makhleb
Nemelex Xobeh
Okawaru
Qazlal
Ru
Sif Muna
Trog
Uskayaw
Vehumet
Wu Jian
Xom
Yredelemnul
Zin
The Shining One

Shops:
D:6 ?   D:9 (!?

Annotations:
D:10 Erolcha


Innate Abilities, Weirdness & Mutations

You have a pair of horns on your head.
You reflexively headbutt those who attack you in melee.
[You are very clumsy. (Dex -4)]
[You are very frail. (-20% HP)]
[You are very vulnerable to cold. (rC--)]


Message History

The tentacled starspawn completely misses you.
The tentacled starspawn tentacle-slaps you but does no damage.
An apocalypse crab comes into view.
You draw a card...
You have drawn Wild Magic.
Rocks fall onto the thrashing horror out of nowhere.
Flames sear the starspawn tentacle!
Sparks fly from the starspawn tentacle's tail!!
You destroy the starspawn tentacle!
The apocalypse crab twitches.
The apocalypse crab twists and deforms.
You feel a surge of magic.
You block the thrashing horror's attack.
The thrashing horror tramples you but does no damage. x2
You block the thrashing horror's attack.
The tentacled starspawn bites you!!
The tentacled starspawn tentacle-slaps you!
You draw a card...
You have drawn Pain.
Aim: a thrashing horror (almost destroyed, slow)
The thrashing horror is unaffected.
The thrashing horror churns violently!
The thrashing horror seems to grow stronger.
You block the tentacled starspawn's attack.
The tentacled starspawn tentacle-slaps you!
The starspawn tentacle grabs you. The starspawn tentacle constricts you.
You draw a card...
You have drawn the Orb.
Aim: an apocalypse crab (misshapen and mutated)
Your orb of destruction hits a stone wall.
The wavering orb of destruction weakly hits the tentacled starspawn!
The starspawn tentacle loses its grip on you.
Your orb of destruction hits a rock wall. x2
Your orb of destruction hits a stone wall.
The tentacled starspawn bites you!!
* * * LOW HITPOINT WARNING * * *
The tentacled starspawn tentacle-slaps you but does no damage.
A wretched star comes into view.
You block the starspawn tentacle's attack.
You draw a card...
You have drawn the Storm.
A fierce wind blows from the card.
The wretched star is knocked back by the gust of wind.
The apocalypse crab is knocked back by the gust of wind.
The apocalypse crab slams into the stone wall!
The thrashing horror is knocked back by the gust of wind.
The electrical discharge engulfs the apocalypse crab!
You hear a mighty peal of thunder!
You hear a roar!
You hear a screech!
You hear a roar!
You hear a shout!
A tentacle flies out from the starspawn's body!
The starspawn tentacle grabs you. The starspawn tentacle constricts you.
A starspawn tentacle comes into view.
You draw a card...
You have drawn Wild Magic.
The starspawn tentacle rots away.
The starspawn tentacle completely resists.
The tentacled starspawn has an odd expression for a moment.
The tentacled starspawn completely resists.
The thrashing horror is blasted with sand.
You destroy the thrashing horror!
The wretched star is covered in a thin layer of ice.
The wretched star resists.
The starspawn tentacle looks faint for a moment.
The starspawn tentacle completely resists.
The apocalypse crab's body glows momentarily.
The apocalypse crab seems to slow down.
You feel a surge of magic.
You block the tentacled starspawn's attack. x2
The starspawn tentacle constricts you.
You feel much better.
The tentacled starspawn barely misses you.
You furiously retaliate!
You headbutt the tentacled starspawn!
The tentacled starspawn tentacle-slaps you!
* * * LOW HITPOINT WARNING * * *
The starspawn tentacle constricts you.
You feel much better.
The wretched star pulses with an eldritch light!
You feel frail. x2
The tentacled starspawn bites you!
The tentacled starspawn tentacle-slaps you.
The starspawn tentacle constricts you.
Okay, then.
You draw a card...
You have drawn Degeneration.
The starspawn tentacle is dazed by the mutagenic energy.
The wretched star is dazed by the mutagenic energy.
The apocalypse crab evaporates and reforms as a hell hound!
The hell hound twists and deforms.
The wretched star pulses with an eldritch light!
You feel vulnerable to cold. x2
You feel clumsy.
You feel clumsy. The tentacled starspawn bites you!!
* * * LOW HITPOINT WARNING * * *
The tentacled starspawn tentacle-slaps you!
* * * LOW HITPOINT WARNING * * *
The starspawn tentacle constricts you.
You draw a card...
You have drawn Vitriol.
The bolt of acid hits the tentacled starspawn!
The acid corrodes the tentacled starspawn!
The starspawn tentacle loses its grip on you.
You block the tentacled starspawn's attack.
The tentacled starspawn tentacle-slaps you!
You die...
Your body disappears without a glow.

φ #######..
##@#.....#
#Xw##...##
#.w#*h......
........#.#.#.
#.####...# .#
#. ..### ## #.
..


You could see a tentacled starspawn (corroded), a wretched star (dazed), a hell
hound (misshapen) and 2 starspawn tentacles.

Vanquished Creatures
  Gastronok (D:8)
  A satyr (Abyss:3)
  3 death yaks (D:8)
  A thrashing horror (Abyss:3)
  Psyche (D:10)
  6 yaks (D:9)
  A wyvern (D:8)
  2 acid dragons
  2 water moccasins
  A sky beast (D:8)
  4 orc warriors (Bailey)
  An ice beast (D:8)
  An ogre (D:7)
  3 centaurs
  A phantom (D:4)
  2 kobold brigands
  5 bullfrogs
  A gnoll sergeant (D:9)
  4 scorpions
  13 wights
  15 killer bees
  8 howler monkeys
  3 hounds
  A jelly (D:7)
  3 orc priests
  4 sleepcaps
  3 iguanas (D:4)
  A hell rat (D:8)
  7 orc wizards
  10 gnolls
  8 adders
  A river rat (D:8)
  A shadow imp (D:6)
  4 white imps
  An ufetubus (D:6)
  2 worms (D:3)
  2 dart slugs
  23 orcs
  5 endoplasms
  4 giant cockroaches (D:1)
  20 goblins
  7 hobgoblins
  6 jackals
  A quokka (D:4)
  6 ball pythons
  7 bats
  2 frilled lizards (D:1)
  21 kobolds
  7 rats
  A starspawn tentacle (Abyss:3)
238 creatures vanquished.

Vanquished Creatures (others)
  A plant (D:5)
1 creature vanquished.

Grand Total: 239 creatures vanquished

Notes
Turn   | Place    | Note
-------+----------+-------------------------------------------
     0 | D:1      | domi the Minotaur Fighter began the quest for the Orb.
     0 | D:1      | Reached XP level 1. HP: 19/19 MP: 0/0
    45 | D:1      | Reached skill level 3 in Maces & Flails
    82 | D:1      | Reached XP level 2. HP: 25/26 MP: 1/1
   325 | D:1      | Reached skill level 4 in Maces & Flails
   824 | D:1      | Reached XP level 3. HP: 31/31 MP: 2/2
  1089 | D:2      | Reached skill level 5 in Maces & Flails
  1133 | D:2      | Reached XP level 4. HP: 39/39 MP: 3/3
  1388 | D:2      | Found a faded altar of an unknown god.
  1394 | D:2      | Got Plato's Lectures on the Sun
  2160 | D:3      | Reached skill level 6 in Maces & Flails
  2394 | D:4      | Noticed a scorpion
  2408 | D:4      | Killed a scorpion
  2409 | D:4      | Reached XP level 5. HP: 14/45 MP: 4/4
  2626 | D:4      | Noticed a phantom
  2630 | D:4      | Killed a phantom
  2631 | D:4      | Reached skill level 7 in Maces & Flails
  2689 | D:4      | Reached XP level 6. HP: 46/51 MP: 5/5
  2747 | D:4      | Reached skill level 8 in Maces & Flails
  3550 | D:5      | Entered Level 5 of the Dungeon
  3565 | D:4      | HP: 7/51 [gnoll/+0 flail (7)]
  3570 | D:4      | HP: 5/51 [gnoll/+0 flail (3)]
  4041 | D:5      | Found a hazy altar of Hepliaklqana.
  4096 | D:5      | Reached skill level 9 in Maces & Flails
  4237 | D:5      | Reached XP level 7. HP: 53/57 MP: 6/6
  4569 | D:5      | Reached skill level 10 in Maces & Flails
  5368 | D:6      | Found Winur's Magic Scroll Shoppe.
  5378 | D:6      | Reached skill level 4 in Armour
  5407 | D:6      | Reached skill level 11 in Maces & Flails
  5418 | D:6      | Reached XP level 8. HP: 32/63 MP: 7/7
  5433 | D:6      | Reached skill level 5 in Armour
  5761 | D:6      | Reached skill level 6 in Armour
  6143 | D:6      | Reached skill level 1 in Evocations
  6209 | D:6      | Reached skill level 12 in Maces & Flails
  6211 | D:6      | Reached skill level 2 in Evocations
  6366 | D:7      | Reached skill level 7 in Armour
  6408 | D:7      | Reached XP level 9. HP: 57/69 MP: 8/8
  6412 | D:7      | Reached skill level 3 in Evocations
  6609 | D:7      | Reached skill level 8 in Armour
  6837 | D:7      | Reached skill level 4 in Evocations
  6947 | D:7      | Found a hide-covered altar of Uskayaw.
  7189 | D:7      | Found a staircase to the Ecumenical Temple.
  7201 | Temple   | Entered the Ecumenical Temple
  7221 | Temple   | Became a worshipper of Nemelex Xobeh the Trickster
  7318 | D:8      | Identified 3 scrolls of acquirement
  7318 | D:8      | Acquired the +6 buckler of the Pleiades {Fly rC+ rN+ Str-2}
  7341 | D:8      | Noticed a death yak
  7343 | D:8      | Noticed a death yak
  7344 | D:8      | Found a staircase to the Lair.
  7357 | D:8      | Killed a death yak
  7358 | D:8      | Reached skill level 9 in Armour
  7358 | D:8      | Reached skill level 5 in Evocations
  7362 | D:8      | Noticed a death yak
  7369 | D:8      | Killed a death yak
  7370 | D:8      | Reached skill level 10 in Armour
  7370 | D:8      | Reached skill level 6 in Evocations
  7377 | D:8      | Reached XP level 10. HP: 72/77 MP: 9/9
  7387 | D:8      | Killed a death yak
  7433 | D:8      | Found a flagged portal.
  7456 | D:8      | Reached skill level 11 in Armour
  7456 | D:8      | Reached skill level 7 in Evocations
  7482 | Bailey   | Entered a bailey
  7634 | Bailey   | Identified the +3 robe of Curiosity {rC+}
  7646 | Bailey   | Identified the +1 robe of Too Many Cooks {Int+6}
  7782 | Bailey   | Reached skill level 4 in Fighting
  7782 | Bailey   | Reached skill level 1 in Throwing
  8082 | D:8      | Reached * piety under Nemelex Xobeh
  8131 | D:8      | Received a gift from Nemelex Xobeh
  8394 | D:8      | Noticed Gastronok
  8411 | D:8      | Killed Gastronok
  8412 | D:8      | Reached skill level 5 in Fighting
  8412 | D:8      | Reached skill level 2 in Throwing
  8718 | D:9      | Found Utaisama's Magic Scroll Shop.
  8725 | D:9      | HP: 19/81 [acid dragon/splash of acid (25)]
  9068 | D:9      | Found Faosh's Distillery.
  9073 | D:9      | Reached skill level 3 in Throwing
  9103 | D:9      | Reached XP level 11. HP: 87/89 MP: 10/10
  9108 | D:9      | Bought a potion of curing for 36 gold pieces
  9108 | D:9      | Bought a potion of heal wounds for 60 gold pieces
  9200 | D:9      | Found Woubbocs's Weapon Boutique.
  9213 | D:9      | Acquired the ring "Boosuots" {Will+ rCorr Slay+4}
  9218 | D:9      | Acquired a +1 arbalest of draining
  9244 | D:9      | Found a broken altar of Ashenzari.
  9403 | D:9      | Reached skill level 8 in Evocations
  9405 | D:9      | Reached skill level 12 in Armour
  9700 | D:10     | Entered Level 10 of the Dungeon
  9700 | D:10     | Noticed Psyche
  9729 | D:10     | Killed Psyche
  9730 | D:10     | Reached skill level 6 in Fighting
  9746 | D:10     | Identified the +6 leather armour "Lik Paah" {rC+}
  9756 | D:10     | Reached ** piety under Nemelex Xobeh
  9863 | D:10     | Noticed Erolcha
  9869 | Abyss:2  | Received a gift from Nemelex Xobeh
  9869 | Abyss:2  | Cast into level 2 of the Abyss (Erolcha)
  9902 | Abyss:3  | Noticed a satyr
  9908 | Abyss:3  | Noticed a thrashing horror
  9915 | Abyss:3  | Killed a satyr
  9916 | Abyss:3  | Reached skill level 4 in Throwing
  9919 | Abyss:3  | Noticed a tentacled starspawn
  9925 | Abyss:3  | HP: 12/89 [tentacled starspawn (22)]
  9925 | Abyss:3  | Noticed a wretched star
  9927 | Abyss:3  | Killed a thrashing horror
  9930 | Abyss:3  | HP: 12/72 [tentacled starspawn (9)]
  9931 | Abyss:3  | Slain by a tentacled starspawn

Illustrated notes

Levels and vault maps discovered:
D:1:      dpeg_arrival_simpleton_a, layout_loops_corners,
          grunt_decor_resistance, minivault_4, minmay_ruptured
D:2:      layout_basic, shapermc_ecumenical_altar_rom_forum, chequers_garden
D:3:      layout_loops_ring, serial_bayou_pond_c
D:4:      layout_loops_ring, serial_rivers, chequers_serial_rivers_large_a,
          chequers_serial_rivers_small_a, chequers_serial_rivers_small_3,
          chequers_serial_rivers_small_b, chequers_serial_rivers_micro_a,
          chequers_serial_rivers_micro_d, amethyst_killhole
D:5:      layout_loops_cross, nicolae_hepliaklqana_hazy_memory,
          nicolae_nh_ransacked_shop
D:6:      nicolae_cairo_tiling_very_big, layout_loops_cross, serial_shops,
          nicolae_shop_hallway_plus
D:7:      layout_basic, mainiacjoe_overflow_six_doors_small,
          minmay_temple_entry_statues_pillars
D:8:      layout_basic, dpeg_lair_monsters, enter_bailey_5, uniq_gastronok
D:9:      layout_layer_cave, nicolae_overflow_crystal_walls, serial_shops, shop,
          kennysheep_little_box, nicolae_shop_stone
D:10:     layout_cave_pools, gammafunk_ghost_nasty_kobolds, minivault_7,
          uniq_grum, uniq_psyche, uniq_erolcha
Temple:   hellmonk_temple_of_storms
Abyss:3:  base: D:4, base: D:6, hangedman_abyss_batty_box,
          nicolae_abyss_rune_left_handed

Skill      XL: |  1  2  3  4  5  6  7  8  9 10 11 |
---------------+----------------------------------+-----
Maces & Flails | 3 4 5 6 7 9 11 12 | 12.0
Armour         | 4 7 10 11 12 | 12.3
Evocations     | 2 6 7 8 |  8.3
Fighting       | 5 6 |  6.5
Throwing       | 3 4 |  4.3
Shields        | |  3.6

Action                     |  1- 3 |  4- 6 |  7- 9 | 10-12 || total
---------------------------+-------+-------+-------+-------++-------
  Melee: Flail             |    75 |    87 |   161 |   287 ||   610
         Headbutt          |     4 |    19 |    40 |    50 ||   113
         Whip              |       |    35 |   123 |       ||   158
  Throw: Boomerang         |       |       |       |     2 ||     2
 Invoke: Draw Destruction  |       |       |       |    10 ||    10
         Draw Escape       |       |       |       |     2 ||     2
  Evoke: Wand              |       |       |       |     2 ||     2
    Use: Potion            |       |     4 |     3 |     4 ||    11
         Scroll            |       |       |    13 |     4 ||    17
 Armour: Scale mail        |    39 |    35 |    16 |       ||    90
         Plate armour      |       |       |   101 |   107 ||   208
  Dodge: Dodged            |    50 |    58 |    62 |    42 ||   212
  Block: Buckler           |    16 |    15 |    82 |   170 ||   283
         Reflection        |       |       |       |    11 ||    11

Table legend: (Time is in decaauts)
 A = Elapsed time spent in this place.
 B = Non-inter-level travel time spent in this place.
 C = Inter-level travel time spent in this place.
 D = Time resting spent in this place.
 E = Time spent auto-exploring this place.
 F = Levels seen in this place.
 G = Mean time per level.
                   A        B        C        D        E       F      G
               +--------+--------+--------+--------+--------+-----+--------+
         Total |   9856 |   9567 |    289 |   1330 |   6776 |  14 |  704.0 |
       Dungeon |   9319 |   9036 |    283 |   1218 |   6570 |  10 |  931.9 |
        Temple |     44 |     38 |      6 |      0 |     18 |   1 |   44.0 |
         Abyss |     59 |     59 |      0 |      0 |      0 |   2 |   29.5 |
        Bailey |    432 |    432 |      0 |    112 |    188 |   1 |  432.0 |
               +--------+--------+--------+--------+--------+-----+--------+

Top non-repeatable levels by time:
     D:4: 1706 daAuts
     D:5: 1285 daAuts
     D:9: 983 daAuts
     D:1: 969 daAuts
     D:6: 964 daAuts
     D:8: 938 daAuts
     D:7: 925 daAuts
     D:2: 698 daAuts
     D:3: 697 daAuts
  Bailey: 432 daAuts
    D:10: 151 daAuts
  Temple: 44 daAuts
 Abyss:2: 32 daAuts
 Abyss:3: 26 daAuts

Table legend:
 A = Kills in this place as a percentage of kills in the entire game.
 B = Kills by you in this place as a percentage of kills by you in the entire game.
 C = Kills by friends in this place as a percentage of kills by friends in the entire game.
 D = Other kills in this place as a percentage of other kills in the entire game.
 E = Experience gained in this place as a percentage of experience gained in the entire game.
 F = Experience gained in this place divided by the number of levels of this place that you have seen.
                   A       B       C       D       E      F
               +-------+-------+-------+-------+-------+----------------------
         Total | 100.0 | 100.0 |   N/A |   N/A | 100.0 | 997.0
       Dungeon |  89.5 |  89.5 |   N/A |   N/A |  84.3 | 1176.0
         Abyss |   0.8 |   0.8 |   N/A |   N/A |  11.5 | 802.0
        Bailey |   9.7 |   9.7 |   N/A |   N/A |   4.3 | 594.0
               +-------+-------+-------+-------+-------+----------------------
